 Dungeon Crawl Stone Soup version 0.30.0-5-g1a98f26d00 (webtiles) character file.

Game seed: 13717090913854022345

40 sampeng1 the Chopper (level 3, 0/20 (27) HPs)
             Began as a Human Reaver on May 9, 2023.
             Slain by a phantom (4 damage)
             ... on level 2 of the Dungeon.
             The game lasted 00:07:07 (1557 turns).

sampeng1 the Chopper (Human Reaver)                 Turns: 1557, Time: 00:07:07

HP:   0/20 (27)     AC:  4    Str: 14    XL:     3   Next: 72%
MP:   6/6           EV: 11    Int: 19    God:
Gold: 37            SH:  0    Dex: 11    Spells: 5/6 levels left

rFire   . . .        a - +0 hand axe
rCold   . . .        (no shield)
rNeg    . . .        b - +0 leather armour
rPois   +            d - +0 helmet
rElec   .            (no cloak)
rCorr   .            (no gloves)
SInv    .            (no boots)
Will    .....        (no amulet)
Stlth   +            e - +6 ring of intelligence
HPRegen 0.23/turn    l - ring of poison resistance
MPRegen 0.10/turn

%: no passive effects
@: very heavily drained
A: no striking features
a: no special abilities


You were on level 2 of the Dungeon.
You visited 1 branch of the dungeon, and saw 2 of its levels.

You collected 37 gold pieces.

Inventory:

Hand Weapons
 a - a +0 hand axe (weapon)
Missiles
 o - a throwing net
Armour
 b - a +0 leather armour (worn)
 d - a +0 helmet (worn)
 q - a +0 plate armour
Jewellery
 e - a +6 ring of intelligence (left hand)
 l - a ring of poison resistance (right hand)
Scrolls
 f - a scroll of brand weapon {unknown}
 g - a scroll of identify {unknown}
 h - a scroll of teleportation {unknown}
 k - a scroll of silence {unknown}
 p - a scroll of magic mapping {unknown}
 r - a scroll of poison {unknown}
 s - 2 scrolls of amnesia {unknown}
Potions
 c - 2 potions of heal wounds {unknown}
 i - 3 potions of curing {unknown}
 j - a potion of attraction {unknown}
 m - a potion of haste {unknown}
 n - a potion of magic {unknown}
 t - a potion of might {unknown}


   Skills:
 + Level 2.3 Fighting
 + Level 3.3 Axes
 + Level 1.0 Armour
 + Level 2.2 Dodging
 + Level 2.3 Spellcasting
 + Level 3.2 Conjurations


You had 5 spell levels left.
You knew the following spells:

 Your Spells              Type           Power      Damage    Failure   Level
a - Kiss of Death         Conj/Necr      32%        2d7       11%         1

Your spell library contained the following spells:

 Spells                   Type           Power      Damage    Failure   Level
 Momentum Strike          Conj/Tloc      16%        3d8       16%         2
 Hailstorm                Conj/Ice       8%         3d4       30%         3


Dungeon Overview and Level Annotations

Branches:
Dungeon (2/15)

Altars:


Message History

You hit the kobold but do no damage.
The kobold is heavily wounded.
The kobold closely misses you.
You closely miss the kobold.
The kobold is heavily wounded.
The kobold hits you with a +0 club.
You completely miss the kobold.
The kobold is heavily wounded.
The kobold hits you but does no damage.
You barely miss the kobold.
The kobold is heavily wounded.
The kobold hits you but does no damage.
You hit the kobold.
You kill the kobold!
Your Armour skill increases to level 1!
Things that are here:
a +0 club; 4 stones
Found 6 javelins.
Found a stone staircase leading down.
A phantom comes into view.
The phantom hits you.
You barely miss the phantom. The phantom hits you.
The phantom blinks!
You blink.
You barely miss the phantom.
The phantom hits you but does no damage.
The phantom hits you!
You hit the phantom.
The phantom is lightly damaged.
The phantom closely misses you.
Casting: Kiss of Death (safe; 11% risk of failure)
Confirm with . or Enter, or press ? or * to list all spells.
You can't see any susceptible monsters within range! (Use Z to cast anyway.) Unknown command.
You closely miss the phantom.
The phantom is lightly damaged.
The phantom hits you.
* * * LOW HITPOINT WARNING * * *
You closely miss the phantom.
The phantom is lightly damaged.
The phantom hits you.
You die...

#.#♣~♣♣♣~.~♣♣~♣♣#.#
#.#♣♣♣ ♣~~~♣♣♣♣♣...
##.###♣♣♣♣~P♣....###
#....)..♣♣~♣♣♣...# #
#.#####.♣♣~P♣♣####
#. ####.♣♣.P♣ #<
#.......#####
#.##W##........#
#..@.....#####(#
####.###^# #......
####.# #># #.. ##


You could see a phantom.

Vanquished Creatures
  2 dart slugs (D:1)
  3 ball pythons
  3 endoplasms
  2 giant cockroaches (D:1)
  4 goblins
  4 hobgoblins
  A quokka (D:2)
  5 bats
  3 frilled lizards (D:1)
  4 kobolds
  2 rats
33 creatures vanquished.

Notes
Turn   | Place    | Note
-------+----------+-------------------------------------------
     0 | D:1      | sampeng1 the Human Reaver began the quest for the Orb.
     0 | D:1      | Reached XP level 1. HP: 16/16 MP: 3/3
   342 | D:1      | Reached XP level 2. HP: 22/22 MP: 5/5
   405 | D:1      | Found a faded altar of an unknown god.
   513 | D:1      | Reached XP level 3. HP: 27/27 MP: 6/6
  1506 | D:2      | Reached skill level 1 in Armour
  1550 | D:2      | Noticed a phantom
  1557 | D:2      | Slain by a phantom

Illustrated notes

Levels and vault maps discovered:
D:1:      heliophobic_arrival_ceremonial_halls, layout_basic,
          hellmonk_ecumenical_altar_lost_god
D:2:      layout_loops_cross, serial_bayou_crossing

Skill      XL: |  1  2  3 |
---------------+----------+-----
Armour         | 1 |  1.0
Fighting       | |  2.3
Axes           | |  3.3
Dodging        | |  2.2
Spellcasting   | |  2.3
Conjurations   | |  3.2

Action                     || total
---------------------------++-------
  Melee: Hand axe          ||   129
   Cast: Kiss of Death     ||     2
 Armour: Leather armour    ||    58
  Dodge: Dodged            ||    88
